 Dungeon Crawl Stone Soup version 0.22.1-2-g9c5b331 (webtiles) character file.

2 tidbits the Vexing (level 1, 0/7 HPs)
             Began as a Felid Enchanter on Dec 1, 2018.
             Slain by Ijyb
             ... wielding a +0 club
              (3 damage)
             ... on level 2 of the Dungeon.
             The game lasted 00:00:44 (40 turns).

tidbits the Vexing (Felid Enchanter)                  Turns: 40, Time: 00:00:45

Health: 0/7        AC:  1    Str:  4    XL:     1   Next: 25%
Magic:  3/4        EV: 18    Int: 16    God:
Gold:   0          SH:  0    Dex: 16    Spells: 3/4 levels left
                                        Lives:  0   Deaths: 0

rFire    . . .     SeeInvis +     - Unarmed
rCold    . . .     Gourm    .   (shield unavailable)
rNeg     . . .     Faith    .   (armour unavailable)
rPois    .         Spirit   .   (helmet unavailable)
rElec    .         Reflect  .   (cloak unavailable)
rCorr    .         Harm     .   (gloves unavailable)
MR       .....                  (boots unavailable)
Stlth    +++.......             (no amulet)
HPRegen  0.02/turn              (no ring)
MPRegen  0.09/turn              (no ring)

@: quick
A: very small, no armour, no weapons or thrown items, stealth, claws 1, fangs 3,
see invisible, carnivore, speed 1, shaggy fur 1, slow metabolism 1, sharp paws
a: no special abilities


You were on level 2 of the Dungeon.
You were not hungry.

You visited 1 branch of the dungeon, and saw 3 of its levels.

Inventory:

Comestibles
 b - 2 rations


   Skills:
 - Level 2.6 Dodging
 + Level 4.1 Stealth
 + Level 1.1 Unarmed Combat
 - Level 2.0 Spellcasting
 - Level 4.4 Hexes


You had 3 spell levels left.
You knew the following spells:

 Your Spells              Type           Power        Failure   Level  Hunger
a - Corona                Hex            ###....      3%          1    #......

Your spell library contained the following spells:

 Spells                   Type           Power        Failure   Level  Hunger
 Confuse                  Hex            ###.....     11%         3    ###....
 Tukima's Dance           Hex            ###.....     11%         3    ###....
 Ensorcelled Hibernation  Hex/Ice        #.....       13%         2    ###....
 Dazzling Spray           Conj/Hex       #.....       26%         3    ###....


Dungeon Overview and Level Annotations

Branches:
Dungeon (3/15)

Altars:

Annotations:
D:2 Ijyb


Innate Abilities, Weirdness & Mutations

You cannot wear armour.
You are incapable of wielding weapons or throwing items.
Your paws allow you to move quietly. (Stealth)
You have sharp claws.
You have razor-sharp teeth.
You have supernaturally acute eyesight. (SInv)
You are carnivorous and can eat meat at any time.
You cover ground quickly.
You are covered in fur. (AC +1)
You have a slow metabolism.
Your sharp claws are effective at attacking unaware monsters.


Message History

There is a stone staircase leading down here.
Unknown command.
You climb downwards.
Found a ration.
Found a stone staircase leading down.
There is a stone staircase leading up here.
Unknown command.
There is a stone staircase leading down here.
You see here a ration.
b - 2 rations (gained 1)
There is a stone staircase leading down here.
You climb downwards.
You hear the sound of rushing water.
There is an entrance to a sewer on this level.
Hurry and find it before the A leopard gecko and Ijyb come into view.
Found 27 sling bullets and a scale mail.
There is a stone staircase leading up here.
Unknown command.
Unknown command.
A worker ant comes into view.
Unknown command.
The helpless leopard gecko fails to defend itself.
You claw the leopard gecko!
You kill the leopard gecko!
The worker ant twitches its antennae in your direction.
Unknown command.
Unknown command.
You pounce on the unaware helpless Ijyb!
You scratch Ijyb. You bite Ijyb, but do no damage.
Ijyb is lightly wounded.
Ijyb screams, "Me stronger than you!" Ijyb barely misses you.
There is a stone staircase leading up here.
Ijyb barely misses you.
You climb upwards.
There is a stone staircase leading down here.
Unknown command.
You aren't carrying any potions.
Unknown command.
Casting: Corona (safe; 3% risk of failure)
Confirm with . or Enter, or press ? or * to list all spells.
Aiming: Corona (safe; 3% risk of failure)
Press: ? - help, Shift-Dir - straight line, f - Ijyb
Aim: Ijyb, wielding a club and wearing a glowing ring mail (lightly wounded, Ijyb is outlined in light.
Ijyb hits you with a club.
Ouch! That really hurt!
* * * LOW HITPOINT WARNING * * *
Unknown command.
You scratch Ijyb but do no damage.
Ijyb is lightly wounded.
You scratch Ijyb but do no damage.
Ijyb is lightly wounded.
Ijyb misses you.
You scratch Ijyb but do no damage. Your bite misses Ijyb.
Ijyb is lightly wounded.
Ijyb completely misses you.
You aren't carrying any scrolls.
Unknown command.
You aren't carrying any potions.
Unknown command.
You scratch Ijyb.
Ijyb is lightly wounded.
Ijyb screams, "It's all mine!"
Ijyb closely misses you.
You barely miss Ijyb.
Ijyb is lightly wounded.
Ijyb closely misses you.
You scratch Ijyb.
Ijyb is moderately wounded.
Ijyb completely misses you.
You scratch Ijyb but do no damage.
Ijyb is moderately wounded.
Ijyb completely misses you.
You scratch Ijyb but do no damage.
Ijyb is moderately wounded.
Ijyb barely misses you.
You scratch Ijyb but do no damage. You bite Ijyb, but do no damage.
Ijyb is moderately wounded.
Ijyb misses you.
You scratch Ijyb.
Ijyb is moderately wounded.
You scratch Ijyb but do no damage.
Ijyb is moderately wounded.
Ijyb stops glowing.
Ijyb misses you.
Casting: Corona (safe; 3% risk of failure)
Confirm with . or Enter, or press ? or * to list all spells.
Aiming: Corona (safe; 3% risk of failure)
Press: ? - help, Shift-Dir - straight line, f/p - Ijyb
Aim: Ijyb, wielding a club and wearing a glowing ring mail (moderately wounded, Ijyb is outlined in light.
Ijyb hits you but does no damage.
You scratch Ijyb.
Ijyb is heavily wounded.
Ijyb completely misses you.
You scratch Ijyb but do no damage.
Ijyb is heavily wounded.
Ijyb completely misses you.
You scratch Ijyb. Your bite misses Ijyb.
Ijyb is heavily wounded.
Ijyb hits you with a club.
You die...

#.# #.# #.# #.#
#.####.#
#.....<#
#####..####.#
#.g.....#
#@####### #.#
#.#
...............
#############.#


You could see Ijyb.

Vanquished Creatures
  A leopard gecko (D:3)
1 creature vanquished.

Notes
Turn   | Place    | Note
-------+----------+-------------------------------------------
     0 | D:1      | tidbits the Felid Enchanter began the quest for the Orb.
     0 | D:1      | Reached XP level 1. HP: 7/7 MP: 4/4
    16 | D:3      | Noticed Ijyb
    17 | D:3      | Noticed a worker ant
    40 | D:2      | Slain by Ijyb

Action                   || total
-------------------------++-------
Melee: Unarmed           ||    16
       Bite              ||     2
 Cast: Corona            ||     2
 Stab: Sleeping          ||     2
Armor: Skin              ||     1
Dodge: Dodged            ||    13

Table legend:
 A = Turns spent in this place as a percentage of turns spent in the entire game.
 B = Non-inter-level travel turns spent in this place as a percentage of non-inter-level travel turns spent in the entire game.
 C = Inter-level travel turns spent in this place as a percentage of turns spent in this place.
 D = Turns resting spent in this place as a percentage of non-inter-level travel turns spent in this place.
 E = Turns spent auto-exploring this place as a percentage of non-inter-level travel turns spent in this place.
 F = Non-inter-level travel turns spent in this place divided by the number of levels of this place that you've seen.
                   A       B       C       D       E      F
               +-------+-------+-------+-------+-------+----------------------
         Total | 100.0 | 100.0 |   0.0 |   0.0 |   0.0 |  13.3
       Dungeon | 100.0 | 100.0 |   0.0 |   0.0 |   0.0 |  13.3
               +-------+-------+-------+-------+-------+----------------------

Table legend:
 A = Kills in this place as a percentage of kills in entire the game.
 B = Kills by you in this place as a percentage of kills by you in the entire game.
 C = Kills by friends in this place as a percentage of kills by friends in the entire game.
 D = Other kills in this place as a percentage of other kills in the entire game.
 E = Experience gained in this place as a percentage of experience gained in the entire game.
 F = Experience gained in this place divided by the number of levels of this place that you have seen.
                   A       B       C       D       E      F
               +-------+-------+-------+-------+-------+----------------------
         Total | 100.0 | 100.0 |   N/A |   N/A | 100.0 |   1.0
       Dungeon | 100.0 | 100.0 |   N/A |   N/A | 100.0 |   1.0
               +-------+-------+-------+-------+-------+----------------------

Vault maps used:
D:1:      erik_arrival_orb_chamber
D:3:      overflow_temple_1_default, bloody_trog, first_ration,
          portal_sewer_entry_a, corexii_shack, minmay_stone_trees_small,
          uniq_crazy_yiuf_cottage, uniq_ijyb
